[Event "Team 45 45 League T88"]
[Site "Internet Chess Club"]
[Date "2021.04.18"]
[Round "2"]
[White "Ajolote"]
[Black "McDreasor"]
[Result "0-1"]
[WhiteElo "1970"]
[BlackElo "1963"]
[Opening "Sicilian: closed, 2...Nc6"]
[ECO "B23"]
[Time "13:02:14"]
[TimeControl "2700+45"]

1. e4 c5 2. Nc3 Nc6 3. Bb5 Nd4 4. Nf3 Nxb5 5. Nxb5 d6 6. d4 Nf6 7. O-O a6 8. Nc3
cxd4 9. Qxd4 e5 10. Qd3 h6 11. Nd2 Be7 12. a4 Be6 13. Nc4 Qc7 14. Ne3 Rc8 15.
Bd2 O-O 16. b3 Rfd8 17. Rfd1 d5 18. Ncxd5 Bxd5 19. exd5 e4 20. Qe2 Nxd5 21. Nxd5
Rxd5 22. c4 Rd6 23. Bc3 f5 24. g3 Rcd8 25. Rxd6 Qxd6 26. Qb2 g5 27. b4 Qc6 28.
c5 Kf7 29. Qb3+ Qd5 30. Qxd5+ Rxd5 31. Kf1 Ke6 32. Ke2 f4 33. Rc1 Kf5 34. Bd2
f3+ 35. Ke1 Kg4 36. Rc4 Re5 37. Bc3 Re6 38. b5 axb5 39. axb5 Kh3 40. c6 e3 41.
c7 Kg2 42. c8=Q exf2+ 43. Kd2 Re2+ {White resigns} 0-1

[Event "Team 45 45 League T88"]
[Site "Internet Chess Club"]
[Date "2021.04.17"]
[Round "2"]
[White "elmaestro"]
[Black "hipopotamos"]
[Result "1/2-1/2"]
[WhiteElo "1676"]
[BlackElo "1685"]
[Opening "English: symmetrical variation"]
[ECO "A30"]
[Time "14:08:48"]
[TimeControl "2700+45"]

1. c4 c5 2. g3 Nf6 3. Bg2 e5 4. Nc3 Nc6 5. Nf3 d6 6. O-O Be7 7. d3 O-O 8. Rb1 a6
9. a3 Rb8 10. b4 cxb4 11. axb4 b5 12. cxb5 axb5 13. Qc2 d5 14. Ba3 Ra8 15. Qc1
e4 16. dxe4 dxe4 17. Nxe4 Nxe4 18. Qxc6 Rxa3 19. Qxe4 Ra4 20. Nd4 Re8 21. Nc6
Qc7 22. Rfc1 Be6 23. Nxe7+ Qxe7 24. Qc6 Bd7 25. Qb7 Qe6 26. Bd5 Qd6 27. Rd1 Rb8
28. Bxf7+ Kxf7 29. Qxd7+ Qxd7 30. Rxd7+ Kf6 31. f4 Re8 32. Rd2 Re4 33. Rdb2 h5
34. h3 h4 35. Kf2 Ra3 36. Rb3 hxg3+ 37. Rxg3 Rxg3 38. Kxg3 Rxe2 39. Rb3 Re4 40.
Kg4 g5 41. Rf3 Rxb4 42. h4 Rxf4+ 43. Rxf4+ gxf4 44. Kxf4 b4 45. Ke3 Kf5 46. Kd3
Kg4 47. Kc4 Kxh4 48. Kxb4 {Game drawn because neither player has mating
material} 1/2-1/2

[Event "Team 45 45 League T88"]
[Site "Internet Chess Club"]
[Date "2021.04.20"]
[Round "2"]
[White "manfredo"]
[Black "ascoli"]
[Result "1-0"]
[WhiteElo "1446"]
[BlackElo "1742"]
[Opening "French: advance, Nimzovich system"]
[ECO "C02"]
[Time "12:03:57"]
[TimeControl "2700+45"]

1. e4 e6 2. d4 d5 3. e5 c5 4. Nf3 Nc6 5. Bd3 cxd4 6. O-O Bc5 7. Bf4 Nge7 8. Nbd2
Ng6 9. Bg3 O-O 10. Nb3 Bb6 11. Re1 Qc7 12. h4 Nb4 13. h5 Nxd3 14. Qxd3 Ne7 15.
Bf4 h6 16. g4 f6 17. Nh4 f5 18. g5 hxg5 19. Bxg5 Nc6 20. Qg3 Qf7 21. Ng6 Re8 22.
Bf4 Ne7 23. Kg2 Bd7 24. Rh1 Rec8 25. Nxe7+ Qxe7 26. h6 Rxc2 27. Bg5 Qf7 28. Bf6
d3 29. Raf1 d4 30. Rh2 f4 31. Qg5 Bc6+ 32. Kg1 {Black resigns} 1-0

[Event "Team 45 45 League T88"]
[Site "Internet Chess Club"]
[Date "2021.04.19"]
[Round "2"]
[White "mongmong"]
[Black "fireball"]
[Result "1-0"]
[WhiteElo "1587"]
[BlackElo "1460"]
[Opening "Old Benoni defense"]
[ECO "A46"]
[Time "18:02:26"]
[TimeControl "2700+45"]

1. d4 Nf6 2. Nf3 c5 3. d5 b5 4. c4 Bb7 5. Qc2 bxc4 6. e4 e6 7. Bxc4 exd5 8. exd5
Bxd5 9. Bxd5 Nxd5 10. O-O Be7 11. Qe4 Nb6 12. Re1 Nc6 13. Nc3 O-O 14. Bf4 Re8
15. Qf5 d5 16. Rad1 d4 17. Nb5 Rc8 18. Nd6 Bxd6 19. Rxe8+ Qxe8 20. Bxd6 Ne7 21.
Qe4 Qa4 22. b3 Qxa2 23. Qxe7 Qxb3 24. Re1 Qb5 25. Ne5 c4 26. Qxf7+ Kh8 27. Qe6
h6 28. Nf7+ Kh7 29. Ne5 Qe8 30. Qf5+ g6 31. Qf6 Nd5 32. Qh4 d3 33. Nxd3 Qd7 34.
Bf4 Qf5 35. Qxh6+ Kg8 36. Be5 Qf7 37. Qh8# {Black checkmated} 1-0

[Event "Team 45 45 League T88"]
[Site "Internet Chess Club"]
[Date "2021.04.18"]
[Round "2"]
[White "Beetlejuice"]
[Black "MathMonkey"]
[Result "1-0"]
[WhiteElo "1704"]
[BlackElo "1393"]
[Opening "Neo-Grünfeld defense"]
[ECO "D70"]
[Time "13:00:40"]
[TimeControl "2700+45"]

1. d4 Nf6 2. c4 g6 3. f3 d5 4. cxd5 Nxd5 5. e4 Nb6 6. Nc3 Bg7 7. Be3 O-O 8. Qd2
a5 9. h4 h5 10. Nh3 N6d7 11. Bh6 c5 12. Bxg7 Kxg7 13. O-O-O Nc6 14. d5 Nd4 15.
Nf4 Rh8 16. Nb5 Nxb5 17. Bxb5 Qc7 18. d6 exd6 19. Qc3+ Kh7 20. Nd5 Qd8 21. Bxd7
Bxd7 22. Nf6+ Kh6 23. Rxd6 Ra6 24. Qd2+ Kg7 25. Nxd7 Rxd6 26. Qxd6 Re8 27. Rd1
Re6 28. Qd5 Qc7 29. Kb1 b6 30. Qa8 Qf4 31. Qf8+ Kh7 32. Qb8 Qxb8 33. Nxb8 Kg7
34. Rd7 Kf6 35. Rd5 Ke7 36. Kc2 Rd6 37. Kd3 Ke6 38. Kc4 f6 39. Rxd6+ Kxd6 40. f4
Kc7 41. Kb5 Kxb8 42. Kxb6 a4 43. Kxc5 Kc7 44. b4 axb3 45. axb3 Kd7 46. b4 Kc7
47. b5 Kb7 48. b6 Kc8 49. e5 fxe5 50. fxe5 Kd7 51. b7 Kc7 52. e6 Kxb7 53. e7 Kc7
54. e8=Q Kb7 55. Qd7+ Ka6 56. Qc7 g5 57. Qb6# {Black checkmated} 1-0

[Event "Team 45 45 League T88"]
[Site "Internet Chess Club"]
[Date "2021.04.18"]
[Round "2"]
[White "Threehundreds"]
[Black "fvafier"]
[Result "1-0"]
[WhiteElo "1513"]
[BlackElo "1519"]
[Opening "Sicilian: Najdorf"]
[ECO "B90"]
[Time "16:01:02"]
[TimeControl "2700+45"]

1. e4 c5 2. Nf3 d6 3. d4 cxd4 4. Nxd4 Nf6 5. Nc3 a6 6. f3 e5 7. Nb3 Be6 8. Be3
Be7 9. Qd2 O-O 10. g4 b5 11. g5 b4 12. Ne2 Ne8 13. Qxb4 Bxg5 14. Bxg5 Qxg5 15.
Qb7 Nc7 16. Qxc7 Rc8 17. Qxd6 Rxc2 18. h4 Qf6 19. Qd3 Rc8 20. Rc1 Rd8 21. Qe3
Qe7 22. Nc3 Nc6 23. Nd5 Bxd5 24. exd5 Nb4 25. Qc5 Qb7 26. Na5 Qb8 27. Nc6 Nxc6
28. dxc6 Qxb2 29. Qc2 Qb4+ 30. Qc3 Qf4 31. c7 Rdc8 32. Be2 Qf5 33. Rg1 Qe6 34.
f4 f6 35. Bc4 {Black resigns} 1-0

[Event "Team 45 45 League T88"]
[Site "Internet Chess Club"]
[Date "2021.04.17"]
[Round "2"]
[White "Lawkeito"]
[Black "ChessG2011"]
[Result "1-0"]
[WhiteElo "1539"]
[BlackElo "1405"]
[Opening "King's Indian: East Indian defense"]
[ECO "A48"]
[Time "16:00:14"]
[TimeControl "2700+45"]

1. d4 Nf6 2. Nf3 g6 3. Nc3 d5 4. Bf4 Bg7 5. e3 O-O 6. Be2 Be6 7. Ne5 Ne8 8. h4
Nf6 9. h5 c5 10. hxg6 fxg6 11. Bh6 Nbd7 12. Nxd7 Qxd7 13. Qd2 c4 14. f3 Bf7 15.
e4 dxe4 16. fxe4 e5 17. Bxg7 Be6 18. Bxf8 Rxf8 19. O-O-O exd4 20. Qxd4 Qxd4 21.
Rxd4 Rc8 22. Nd5 Bxd5 23. exd5 b5 24. d6 Rd8 25. Rhd1 Nd7 26. b3 cxb3 27. axb3
a6 28. Bg4 h5 29. Bxd7 Rxd7 30. Re1 Kf7 31. Rf4+ Kg7 32. Re7+ Rxe7 33. dxe7 Kh7
34. e8=Q Kh6 35. Qe3 Kg7 36. Rd4 Kf6 37. Rf4+ Kg7 38. Qe7+ Kh6 39. g4 hxg4 40.
Qh4+ Kg7 41. Qf6+ Kh7 42. Rxg4 g5 43. Qxg5 a5 44. Rh4# {Black checkmated} 1-0

[Event "Team 45 45 League T88"]
[Site "Internet Chess Club"]
[Date "2021.04.16"]
[Round "2"]
[White "doudou2011"]
[Black "cpic2363"]
[Result "1/2-1/2"]
[WhiteElo "1476"]
[BlackElo "1497"]
[Opening "Queen's pawn game"]
[ECO "D02"]
[Time "19:02:22"]
[TimeControl "2700+45"]

1. d4 d5 2. Nf3 e6 3. g3 Nf6 4. Bg2 c6 5. O-O Be7 6. c4 Nbd7 7. b3 O-O 8. Bb2
Re8 9. Nbd2 Bd6 10. Ne5 Qc7 11. Ndf3 Bxe5 12. Nxe5 Nxe5 13. dxe5 Nd7 14. Qd4 c5
15. Qf4 d4 16. e3 Qxe5 17. Qxe5 Nxe5 18. exd4 cxd4 19. Bxd4 Nc6 20. Bc3 e5 21.
Rfe1 f6 22. f4 Bf5 23. Bxc6 bxc6 24. fxe5 fxe5 25. Bxe5 Rad8 26. Bf4 Kf7 27. Kf2
Rxe1 28. Rxe1 Re8 29. Rxe8 Kxe8 30. a3 Kd7 31. b4 Bd3 32. c5 Ke6 33. Ke3 Bb5 34.
Kd4 a6 35. Bd6 Kf5 36. h4 h5 37. Bf4 g6 38. Bd6 Ba4 {Game drawn by mutual
agreement} 1/2-1/2

[Event "Team 45 45 League T88"]
[Site "Internet Chess Club"]
[Date "2021.04.18"]
[Round "2"]
[White "Ajolote"]
[Black "janh"]
[Result "1/2-1/2"]
[WhiteElo "1970"]
[BlackElo "1972"]
[Opening "Caro-Kann: advance variation"]
[ECO "B12"]
[Time "22:05:24"]
[TimeControl "2700+45"]

1. e4 c6 2. d4 d5 3. e5 c5 4. dxc5 e6 5. Nf3 Bxc5 6. a3 Nc6 7. Bd3 Nge7 8. O-O
Ng6 9. b4 Be7 10. Bb2 a6 11. Re1 O-O 12. Bxg6 fxg6 13. Nbd2 b5 14. Nb3 Qc7 15.
Nbd4 Nd8 16. Qd2 Bd7 17. Ng5 Rc8 18. h4 h6 19. Ngf3 Nc6 20. Rac1 Nxd4 21. Bxd4
Rxf3 22. gxf3 Bxh4 23. Bc5 Qd8 24. Rb1 Be7 25. Bd4 Qf8 26. Rb3 Rc4 27. Rc3 Bc6
28. f4 g5 29. Rf3 Qf5 30. c3 Be8 31. Qd3 Qxd3 32. Rxd3 gxf4 33. Kg2 g5 34. Rh1
h5 35. Rdh3 h4 36. f3 Bg6 37. Kf2 Kg7 38. Ra1 Kh6 39. Rhh1 Bf5 40. Rhd1 Bg6 41.
Rd2 Be8 42. Kg2 Kg6 43. Rdd1 Kf5 44. Rd2 Bf8 45. Rf2 Bg7 46. Re2 Bf8 47. Rf2 Bg7
48. Re2 Bf8 49. Rf2 {Game drawn by repetition} 1/2-1/2

[Event "Team 45 45 League T88"]
[Site "Internet Chess Club"]
[Date "2021.04.18"]
[Round "2"]
[White "primerpaso"]
[Black "zugknightly"]
[Result "0-1"]
[WhiteElo "1838"]
[BlackElo "1907"]
[Opening "English opening"]
[ECO "A16"]
[Time "15:04:01"]
[TimeControl "2700+45"]

1. c4 Nf6 2. Nc3 g6 3. g3 Bg7 4. Bg2 O-O 5. e4 d6 6. Nge2 e5 7. O-O Nc6 8. d3
Nh5 9. Be3 f5 10. Qd2 Be6 11. f4 exf4 12. Nxf4 Nxf4 13. Bxf4 Qd7 14. Rae1 Rae8
15. Bh6 fxe4 16. Bxg7 Qxg7 17. Nxe4 Qd4+ 18. Kh1 Rxf1+ 19. Rxf1 Rf8 20. Rxf8+
Kxf8 21. Qh6+ Qg7 22. Qf4+ Ke8 23. Qf6 Qxf6 24. Nxf6+ Ke7 25. Bxc6 Kxf6 26. Bxb7
Ke5 27. Kg2 Kd4 28. Kf3 Kxd3 29. b3 a5 30. Be4+ Kc3 31. Ke3 Bf5 32. Bxf5 gxf5
33. h3 Kb2 34. Kd4 Kxa2 35. Kc3 c5 36. h4 h5 {White resigns} 0-1

[Event "Team 45 45 League T88"]
[Site "Internet Chess Club"]
[Date "2021.04.16"]
[Round "2"]
[White "hipopotamos"]
[Black "VictorRed"]
[Result "1-0"]
[WhiteElo "1685"]
[BlackElo "1663"]
[Opening "Pirc: classical (two knights) system"]
[ECO "B08"]
[Time "22:00:30"]
[TimeControl "2700+45"]

1. e4 d6 2. Nf3 Nf6 3. Nc3 g6 4. d4 Bg7 5. Bc4 Nc6 6. Be3 O-O 7. O-O Nxe4 8.
Bxf7+ Rxf7 9. Nxe4 Bg4 10. Neg5 Rf5 11. h3 Bxf3 12. Nxf3 e5 13. c3 e4 14. Ng5
Rxg5 15. Bxg5 Qxg5 16. Qb3+ d5 17. Qxb7 Rb8 18. Qxc6 Rxb2 19. Rab1 Rxa2 20. Rb8+
Bf8 21. Qa8 Qf6 22. Qxd5+ Kg7 23. Qxa2 {Black resigns} 1-0

[Event "Team 45 45 League T88"]
[Site "Internet Chess Club"]
[Date "2021.04.16"]
[Round "2"]
[White "Portola"]
[Black "justice02"]
[Result "0-1"]
[WhiteElo "1717"]
[BlackElo "1746"]
[Opening "Queen's pawn game"]
[ECO "D02"]
[Time "21:15:24"]
[TimeControl "2700+45"]

1. d4 d5 2. Nf3 c6 3. c3 a6 4. Bf4 Nf6 5. h3 e6 6. e3 Bd6 7. Ne5 O-O 8. Nd2 Qc7
9. Bh2 Nfd7 10. Ndf3 c5 11. Bd3 f6 12. Nxd7 Nxd7 13. Bxd6 Qxd6 14. O-O b5 15.
Qe2 Bb7 16. b3 Rac8 17. Rfc1 e5 18. Bf5 e4 19. Nh4 Rf7 20. Qg4 Re8 21. Qh5 Nf8
22. g3 g6 23. Qe2 Kh8 24. Bg4 f5 25. dxc5 Qxc5 26. Bxf5 gxf5 27. Qh5 Qc7 28. c4
bxc4 29. bxc4 d4 30. exd4 e3 31. d5 exf2+ 32. Kxf2 Re4 33. Rab1 Qc5+ 34. Kf1 Rc7
35. Qxf5 Rxc4 36. Rxc4 Qxc4+ 37. Kg1 Qc5+ 38. Kh2 Qc2+ 39. Qxc2 Rxc2+ 40. Kg1
Bxd5 41. Rb8 Kg8 42. Nf5 Rxa2 43. Ne7+ Kf7 44. Nxd5 a5 45. Ra8 a4 46. Nb4 Ra1+
47. Kf2 a3 48. Kf3 Ne6 49. h4 Rb1 50. Nc2 Rb3+ 51. Kg4 h5+ 52. Kxh5 Rxg3 53.
Ra7+ Kg8 54. Ra8+ Kh7 55. Ra7+ Ng7+ 56. Rxg7+ Kxg7 57. Nxa3 Rxa3 58. Kg5 Ra5+
59. Kg4 Kg6 {White resigns} 0-1

[Event "Team 45 45 League T88"]
[Site "Internet Chess Club"]
[Date "2021.04.18"]
[Round "2"]
[White "McDreasor"]
[Black "Sloggi"]
[Result "1-0"]
[WhiteElo "1945"]
[BlackElo "1966"]
[Opening "Caro-Kann: classical, Spassky variation"]
[ECO "B18"]
[Time "08:00:49"]
[TimeControl "2700+45"]

1. e4 c6 2. d4 d5 3. Nc3 dxe4 4. Nxe4 Bf5 5. Ng3 Bg6 6. Nf3 Nd7 7. h4 h6 8. h5
Bh7 9. Bd3 Bxd3 10. Qxd3 e6 11. Bf4 Qa5+ 12. c3 Ngf6 13. b4 Qb5 14. Qxb5 cxb5
15. a4 bxa4 16. Rxa4 Nb6 17. Ra1 Nfd5 18. Bd2 Nc4 19. Ne5 Nxd2 20. Kxd2 Bd6 21.
Ne2 O-O 22. Nc4 Be7 23. Ne3 Bg5 24. Kd3 Bxe3 25. fxe3 Rfc8 26. Rhc1 b5 27. e4
Nb6 28. Rc2 Rc7 29. Rca2 Na4 30. Rxa4 bxa4 31. c4 Kf8 32. Rxa4 Ke7 33. c5 g6 34.
hxg6 fxg6 35. d5 exd5 36. exd5 Kf6 37. Nd4 a6 38. d6 Rca7 39. Kc4 h5 40. Nc6 Rb7
41. Kd5 g5 42. Nd4 h4 43. c6 Rh7 44. c7 g4 45. Rxa6 {Black resigns} 1-0

[Event "Team 45 45 League T88"]
[Site "Internet Chess Club"]
[Date "2021.04.19"]
[Round "2"]
[White "Tufnell"]
[Black "MacroPawn"]
[Result "1-0"]
[WhiteElo "1846"]
[BlackElo "1785"]
[Opening "Pirc: Austrian attack, 6.Bd3"]
[ECO "B09"]
[Time "10:09:05"]
[TimeControl "2700+45"]

1. e4 d6 2. d4 Nf6 3. Nc3 g6 4. f4 Bg7 5. Nf3 O-O 6. Bd3 c6 7. O-O b5 8. e5 dxe5
9. dxe5 Nd5 10. Nxd5 Qxd5 11. Qe2 Rd8 12. Be4 Qd7 13. Be3 Qc7 14. Rfd1 Nd7 15.
Nd4 Nb6 16. Nxc6 Rxd1+ 17. Rxd1 Bb7 18. Qf3 Nc4 19. Bd4 e6 20. Ne7+ Qxe7 21.
Bxb7 Rb8 22. Be4 Bf8 23. h3 Qc7 24. b3 Nb6 25. Kh2 a5 26. Qc3 Qxc3 27. Bxc3 b4
28. Bd4 Rd8 29. Rd3 Nc8 30. Be3 Rxd3 31. Bxd3 Kg7 32. g4 Ne7 33. Be4 f6 34.
exf6+ Kxf6 35. Bd4+ Kf7 36. Kg3 h6 37. h4 Bg7 38. Bb6 g5 39. hxg5 hxg5 40. Bxa5
{Black resigns} 1-0

[Event "Team 45 45 League T88"]
[Site "Internet Chess Club"]
[Date "2021.04.17"]
[Round "2"]
[White "Legal"]
[Black "room-matt"]
[Result "0-1"]
[WhiteElo "1825"]
[BlackElo "1840"]
[Opening "Giuoco Piano: Anderssen variation"]
[ECO "C54"]
[Time "10:34:14"]
[TimeControl "2700+45"]

1. e4 e5 2. Nf3 Nc6 3. Bc4 Bc5 4. c3 Nf6 5. d4 exd4 6. e5 d5 7. Bb5 Ne4 8. cxd4
Bb4+ 9. Nbd2 O-O 10. O-O Ne7 11. Be2 Bf5 12. a3 Ba5 13. Nb3 Bb6 14. Be3 Ng6 15.
Rc1 f6 16. exf6 Qxf6 17. Nc5 Bxc5 18. dxc5 c6 19. Nd4 Rae8 20. Nxf5 Qxf5 21. Bg4
Qf7 22. Bh5 Nf6 23. Be2 Ne4 24. b4 Nf4 25. Bf3 Nh3+ 26. Kh1 Nhg5 27. Bh5 g6 28.
Be2 a6 29. a4 Qc7 30. b5 axb5 31. axb5 Ne6 32. Bg4 Qe7 33. Bh6 Nxf2+ 34. Rxf2
Rxf2 35. Bf3 Ng5 36. Bg4 Ne4 37. Qd4 Qf6 38. Qxf6 Nxf6 39. Bf3 cxb5 40. h3 Ne4
41. Rd1 Re5 42. Ra1 Rc2 43. Ra8+ Kf7 44. Rf8+ Ke7 45. Rh8 Nxc5 46. Rxh7+ Kd8 47.
Bg4 b4 48. Bg7 Re1+ 49. Kh2 b3 50. Bf6+ Ke8 51. Rc7 Rcc1 52. Rc8+ Kf7 53. Bd4
Ne4 {White resigns} 0-1

[Event "Team 45 45 League T88"]
[Site "Internet Chess Club"]
[Date "2021.04.15"]
[Round "2"]
[White "fhunfi"]
[Black "ascoli"]
[Result "1-0"]
[WhiteElo "1722"]
[BlackElo "1754"]
[Opening "French: Winawer (Nimzovich) variation"]
[ECO "C15"]
[Time "11:20:40"]
[TimeControl "2700+45"]

1. e4 e6 2. d4 d5 3. Nc3 Bb4 4. exd5 exd5 5. Qf3 Nf6 6. Bg5 O-O 7. Bxf6 Qxf6 8.
Qxf6 Bxc3+ 9. bxc3 gxf6 10. Bd3 Re8+ 11. Kd2 Bg4 12. f3 Bh5 13. Ne2 Nc6 14. Nf4
Bg6 15. Nxd5 Rec8 16. Nxf6+ Kg7 17. Nd5 {Black resigns} 1-0

[Event "Team 45 45 League T88"]
[Site "Internet Chess Club"]
[Date "2021.04.17"]
[Round "2"]
[White "harishbn"]
[Black "laurenpar"]
[Result "1-0"]
[WhiteElo "1964"]
[BlackElo "1830"]
[Opening "French: King's Indian attack"]
[ECO "C00"]
[Time "01:03:49"]
[TimeControl "2700+45"]

1. e4 e6 2. d3 d5 3. Nd2 c5 4. Ngf3 Nc6 5. g3 Bd6 6. Bg2 Nge7 7. O-O O-O 8. Re1
Qc7 9. exd5 exd5 10. Nf1 Rb8 11. d4 Bg4 12. Ne3 Bxf3 13. Bxf3 Nxd4 14. Bg2 Qa5
15. c3 Ndc6 16. Nxd5 Rfd8 17. Nxe7+ Bxe7 18. Qg4 Bf6 19. Bf4 Rbc8 20. h4 Qa4 21.
Re4 Qa6 22. Rae1 g6 23. Bh6 b5 24. h5 Bg7 25. Bxg7 Kxg7 26. Qh4 h6 27. hxg6 fxg6
28. Re6 {Black resigns} 1-0

[Event "Team 45 45 League T88"]
[Site "Internet Chess Club"]
[Date "2021.04.17"]
[Round "2"]
[White "fishhead"]
[Black "ArturitoGalacti"]
[Result "1-0"]
[WhiteElo "1769"]
[BlackElo "1832"]
[Opening "Caro-Kann: two knights variation"]
[ECO "B10"]
[Time "17:00:23"]
[TimeControl "2700+45"]

1. e4 c6 2. Nf3 d5 3. Nc3 dxe4 4. Nxe4 Bg4 5. h3 Bh5 6. Ng3 Bg6 7. h4 Nf6 8. h5
Be4 9. Nxe4 Nxe4 10. d4 e6 11. Bd3 Nf6 12. Bf4 Bd6 13. Ne5 Qc7 14. Qe2 Nbd7 15.
h6 g6 16. O-O-O O-O 17. Kb1 a5 18. c4 c5 19. Nxd7 Nxd7 20. Bxd6 Qxd6 21. d5 exd5
22. cxd5 Rfe8 23. Qc2 Ne5 24. Bb5 Rec8 25. Qc3 f6 26. Rhe1 Qb6 27. a4 Rd8 28. f4
Nf7 29. Re6 Rd6 30. Qxf6 {Black resigns} 1-0

[Event "Team 45 45 League T88"]
[Site "Internet Chess Club"]
[Date "2021.04.17"]
[Round "2"]
[White "gera-carp75"]
[Black "bobhill"]
[Result "1-0"]
[WhiteElo "1845"]
[BlackElo "1701"]
[Opening "Sicilian"]
[ECO "B50"]
[Time "21:01:18"]
[TimeControl "2700+45"]

1. e4 c5 2. Nf3 d6 3. Bc4 g6 4. d3 Bg7 5. O-O Nf6 6. c3 O-O 7. h3 Nc6 8. Re1 a6
9. Bb3 b5 10. Nbd2 Bd7 11. Nf1 b4 12. Bd2 a5 13. Bc2 Re8 14. Ng3 h5 15. Qe2 Nh7
16. Rac1 e6 17. Bb1 Ne5 18. Nh2 Bb5 19. f4 Nd7 20. Nf3 Nb6 21. b3 d5 22. c4 dxc4
23. dxc4 Bc6 24. e5 Qc7 25. Be3 a4 26. Nh4 Bb7 27. Ne4 Bxe4 28. Bxe4 Rad8 29.
Qf2 Rc8 30. g4 hxg4 31. hxg4 axb3 32. axb3 Red8 33. Rcd1 Bf8 34. Nf3 Be7 35. Kg2
Rxd1 36. Rxd1 Kg7 37. g5 Rh8 38. Rh1 Nf8 39. Rxh8 Kxh8 40. Qh4+ Kg8 41. Nh2 Nh7
42. Ng4 Bf8 43. Nf6+ Nxf6 44. gxf6 Nd7 45. Qg5 Nb6 46. Bxg6 fxg6 47. Qxg6+ Kh8
48. f7 Qc6+ 49. Kh2 Bg7 50. Qh5+ {Black resigns} 1-0

[Event "Team 45 45 League T88"]
[Site "Internet Chess Club"]
[Date "2021.04.17"]
[Round "2"]
[White "handsomematch"]
[Black "andrew37"]
[Result "1-0"]
[WhiteElo "1459"]
[BlackElo "1615"]
[Opening "Sicilian: Najdorf, Opocensky variation"]
[ECO "B92"]
[Time "16:00:36"]
[TimeControl "2700+45"]

1. e4 c5 2. Nf3 d6 3. d4 cxd4 4. Nxd4 Nf6 5. Nc3 a6 6. Be2 e5 7. Nb3 Be7 8. Be3
Be6 9. O-O O-O 10. f4 Qc7 11. Bf3 b5 12. f5 Bc4 13. Rf2 Nbd7 14. g4 b4 15. Ne2
Nc5 16. Nxc5 dxc5 17. g5 Rfd8 18. Qf1 Nd7 19. h4 f6 20. Qh3 Bxe2 21. Bxe2 Nb6
22. gxf6 Bxf6 23. Bg5 Rd6 24. Bxf6 Rxf6 25. Rg2 a5 26. Kh2 Rd8 27. Rag1 Rd7 28.
h5 h6 29. Bb5 Re7 30. Bf1 Nc8 31. Rg6 Rxg6 32. Rxg6 Kh8 33. Bc4 Nd6 34. Bd5 Nf7
35. Qf1 Ng5 36. f6 Rd7 37. fxg7+ Rxg7 38. Rxh6+ Nh7 39. Qf8+ {Black resigns} 1-0

[Event "Team 45 45 League T88"]
[Site "Internet Chess Club"]
[Date "2021.04.17"]
[Round "2"]
[White "MartyJR"]
[Black "aec7r3b"]
[Result "0-1"]
[WhiteElo "1548"]
[BlackElo "1241"]
[Opening "Queen's pawn: London system"]
[ECO "A45"]
[Time "20:00:40"]
[TimeControl "2700+45"]

1. d4 Nf6 2. Bf4 g6 3. e3 Bg7 4. Nf3 O-O 5. Be2 d5 6. c3 b6 7. Nbd2 c5 8. O-O
Nc6 9. h3 Bb7 10. a4 Re8 11. Re1 Ne4 12. Bb5 a6 13. Bd3 e5 14. dxe5 Nxd2 15.
Qxd2 Nxe5 16. Nxe5 Bxe5 17. Bxe5 Rxe5 18. Rad1 Qe7 19. Be2 Rd8 20. Qc2 Qg5 21.
Bf3 Rf5 22. Bg4 Rf6 23. f4 Qh4 24. Rf1 h5 25. Bf3 Re6 26. Qc1 Qe7 27. Rde1 Re8
28. Kf2 Qh4+ 29. Kg1 Bc6 30. Re2 Bxa4 31. Bxd5 Rd6 32. Bf3 Bb3 33. Rfe1 Bc4 34.
Rd2 Rde6 35. e4 Qxf4 36. Rd7 Qxc1 37. Rxc1 R6e7 38. Rd2 Bb3 39. Ra1 Bc4 40. Ra3
Bb5 41. b3 a5 42. c4 Rd7 43. Raa2 Bc6 44. Rxd7 Bxd7 45. Rd2 Bc6 46. Rd6 Bxe4 47.
Bxe4 Rxe4 48. Rxb6 a4 49. bxa4 Rxc4 50. a5 Ra4 51. a6 c4 52. Rc6 c3 53. Rxc3
Rxa6 54. Rc2 Re6 55. g3 Kf8 56. Rf2 Ke7 57. h4 Re3 58. Kg2 Ke6 59. Rf4 f6 60.
Kf2 Rd3 61. Re4+ Kf7 62. Rf4 Rd5 63. Ke3 Rf5 64. Rxf5 gxf5 65. Kf4 Ke6 66. Kf3
Kd5 67. Kf4 Ke6 68. Kf3 Ke5 69. Ke3 f4+ 70. gxf4+ Kd5 71. Kd3 f5 72. Ke3 Kc4 73.
Ke2 Kd4 74. Kf3 Kd3 75. Kf2 Ke4 76. Kg3 Ke3 77. Kh3 Kxf4 78. Kh2 Ke3 79. Kg3 f4+
80. Kg2 Ke2 81. Kg1 f3 82. Kh1 f2 83. Kg2 f1=Q+ 84. Kh2 Qf3 85. Kg1 Qg3+ 86. Kh1
Qg4 87. Kh2 Kf2 {White resigns} 0-1

[Event "Team 45 45 League T88"]
[Site "Internet Chess Club"]
[Date "2021.04.18"]
[Round "2"]
[White "eevee11"]
[Black "goldeen7"]
[Result "0-1"]
[WhiteElo "1077"]
[BlackElo "1325"]
[Opening "Sicilian: Najdorf"]
[ECO "B90"]
[Time "12:09:52"]
[TimeControl "2700+45"]

1. e4 c5 2. Nf3 d6 3. d4 cxd4 4. Nxd4 Nf6 5. Nc3 a6 6. f3 e5 7. Nb3 Be6 8. Be3
Be7 9. Qd2 O-O 10. O-O-O b5 11. g4 Nbd7 12. g5 b4 13. Ne2 Ne8 14. h4 a5 15. Ng3
a4 16. Na1 Bxa2 17. h5 b3 18. c3 a3 19. g6 axb2+ 20. Qxb2 Bg5 21. gxh7+ Kh8 22.
Qd2 b2+ 23. Kxb2 Qb8+ 24. Kc2 Bb3+ 25. Nxb3 Ra2+ 26. Kc1 Rxd2 27. Bxd2 Qxb3 28.
Bxg5 Qxc3+ 29. Kb1 Nef6 30. Bxf6 Rb8+ 31. Ka2 Qb2# {White checkmated} 0-1

[Event "Team 45 45 League T88"]
[Site "Internet Chess Club"]
[Date "2021.04.18"]
[Round "2"]
[White "Conjurer"]
[Black "buptwy"]
[Result "1-0"]
[WhiteElo "1247"]
[BlackElo "1085"]
[Opening "Modern defense"]
[ECO "A40"]
[Time "12:38:42"]
[TimeControl "2700+45"]

1. d4 g6 2. Bf4 Nf6 3. e3 Bg7 4. Nf3 O-O 5. h3 c5 6. c3 d6 7. Bc4 Nh5 8. Bh2 Bf5
9. Nbd2 d5 10. Be2 c4 11. Ne5 Nc6 12. Nxc6 bxc6 13. Bxh5 gxh5 14. Qxh5 Bg6 15.
Qg4 f5 16. Qe2 Re8 17. Nf3 Bh5 18. Qc2 Bxf3 19. gxf3 Rf8 20. O-O-O Rf6 21. Rhg1
e6 22. Be5 Rg6 23. Rg3 Qb6 24. Rdg1 Rxg3 25. Rxg3 Qb8 26. Rxg7+ Kf8 27. Rxh7 Qe8
28. Rh8+ Ke7 29. Rxe8+ Rxe8 30. Qa4 Kd7 31. Qxa7+ Kd8 32. Qc7# {Black
checkmated} 1-0

[Event "Team 45 45 League T88"]
[Site "Internet Chess Club"]
[Date "2021.04.17"]
[Round "2"]
[White "Draconian"]
[Black "harrington"]
[Result "1/2-1/2"]
[WhiteElo "1697"]
[BlackElo "1432"]
[Opening "Sicilian: Alapin's variation (2.c3)"]
[ECO "B22"]
[Time "19:00:18"]
[TimeControl "2700+45"]

1. e4 c5 2. c3 Nc6 3. d4 cxd4 4. cxd4 d5 5. e5 g6 6. f4 Bg7 7. Nf3 Bg4 8. Bb5
Rc8 9. Nc3 e6 10. O-O Ne7 11. h3 Bxf3 12. Qxf3 O-O 13. Be3 Nf5 14. Bxc6 Rxc6 15.
g4 Nxe3 16. Qxe3 Qh4 17. Nb5 Rb6 18. Nd6 Rxb2 19. Qc3 Rb6 20. Rf2 Rd8 21. f5
exf5 22. gxf5 Rbxd6 23. exd6 Qxd4 24. Qxd4 Bxd4 25. Rc1 Bxf2+ 26. Kxf2 Rxd6 27.
Rc7 Rb6 28. Rd7 Rb5 29. f6 h5 30. Rd8+ Kh7 31. Rd7 Rb2+ 32. Kg3 g5 33. Rxd5 Kg6
34. h4 gxh4+ 35. Kxh4 Rb4+ 36. Kh3 h4 37. a3 Rb3+ 38. Kxh4 Rxa3 39. Rd7 b5 40.
Rb7 Ra4+ 41. Kg3 b4 42. Kf3 Ra3+ 43. Ke4 b3 44. Kd3 Kxf6 45. Kc3 Kg5 46. Rxf7
Kg6 47. Rf1 a5 48. Kb2 Ra2+ 49. Kxb3 Rg2 50. Ka4 Rg5 51. Rb1 Rf5 52. Rb5 Rxb5
53. Kxb5 Kf6 54. Kxa5 {Game drawn because neither player has mating material}
1/2-1/2

[Event "Team 45 45 League T88"]
[Site "Internet Chess Club"]
[Date "2021.04.17"]
[Round "2"]
[White "Electryon"]
[Black "BrianWood"]
[Result "1/2-1/2"]
[WhiteElo "1367"]
[BlackElo "1442"]
[Opening "English: Bremen, reverse dragon"]
[ECO "A22"]
[Time "20:02:48"]
[TimeControl "2700+45"]

1. c4 e5 2. Nc3 Nf6 3. g3 d5 4. cxd5 Nxd5 5. Bg2 c6 6. Nf3 Nxc3 7. bxc3 Bd6 8.
O-O O-O 9. d4 Nd7 10. Qb3 a5 11. a4 Re8 12. Ng5 Qe7 13. Ne4 exd4 14. cxd4 Bb4
15. Ba3 Nb8 16. Bxb4 axb4 17. e3 Be6 18. Qb2 Na6 {Game drawn by mutual
agreement} 1/2-1/2